 Dungeon Crawl Stone Soup version 0.29-a0-911-g88e6f02907 (webtiles) character file.

Game seed: 61663908002280246

17565 quixfox the Geomancer (level 12, -10/77 HPs)
             Began as a Gargoyle Earth Elementalist on July 25, 2022.
             Was a Believer of Vehumet.
             Mangled by a two-headed ogre
             ... wielding a +0 giant club of flaming
              (18 damage)
             ... in a volcano.
             The game lasted 00:49:36 (13109 turns).

quixfox the Geomancer (GrEE)                       Turns: 13109, Time: 00:49:36

Health: -10/77     AC: 18    Str: 12    XL:     12   Next: 49%
Magic:  33/34      EV: 11    Int: 27    God:    Vehumet [**....]
Gold:   1354       SH:  5    Dex: 10    Spells: 22/30 levels left

rFire   + . .      SeeInvis +   t - +3 mace (vorpal)
rCold   . . .      Faith    .   s - +0 buckler
rNeg    + . .      Spirit   .   z - +2 robe {rF+}
rPois   ∞          Reflect  .   q - +2 helmet {SInv}
rElec   +          Harm     .   p - +1 cloak
rCorr   .          Rampage  .   (no gloves)
Will    .....                   (no boots)
Stlth   ++........              (no amulet)
HPRegen 0.22/turn               M - ring of magical power
MPRegen 0.24/turn               G - +6 ring of intelligence

@: hasted, studying Armour, very quick
A: sickness immunity, AC +8, negative energy resistance 1, electricity
resistance, torment resistance 1, petrification resistance
a: Renounce Religion


You were in a volcano.
You worshipped Vehumet.
Vehumet was pleased with you.
You visited 3 branches of the dungeon, and saw 12 of its levels.
You also visited: Sewer and Volcano.

You collected 1795 gold pieces.
You spent 441 gold pieces at shops.

Inventory:

Hand Weapons
 t - a +3 vorpal mace (weapon)
Armour
 p - a +1 cloak (worn)
 q - a +2 helmet of see invisible (worn)
 s - a +0 buckler (worn)
 y - a +1 leather armour of fire resistance
 z - a +2 robe of fire resistance (worn)
 B - a +0 troll leather armour
Jewellery
 a - a +6 ring of dexterity
 c - a ring of resist corrosion
 e - a ring of ice
 u - a +6 ring of strength
 G - a +6 ring of intelligence (right hand)
 M - a ring of magical power (left hand)
Wands
 w - a wand of paralysis (17)
 x - a wand of polymorph (7)
 D - a wand of roots (1)
 E - a wand of light (11)
 I - a wand of digging (2)
Scrolls
 b - 2 scrolls of butterflies
 d - 3 scrolls of enchant armour
 g - 3 scrolls of teleportation
 h - 4 scrolls of identify
 j - a scroll of poison
 v - a scroll of summoning
 A - a scroll of enchant weapon
 H - a scroll of blinking
 L - a scroll of silence {unknown}
Potions
 f - a potion of magic
 i - 3 potions of haste
 k - a potion of attraction
 l - a potion of berserk rage
 m - a potion of heal wounds
 n - 2 potions of curing
 o - a potion of ambrosia
 r - 2 potions of mutation
 C - a potion of brilliance
 F - a potion of lignification
 J - a potion of flight
 K - a potion of might


   Skills:
 + Level 10.0 Fighting
 - Level 6.5 Armour
 - Level 1.7 Dodging
 - Level 2.1 Stealth
 - Level 6.5 Shields
 + Level 9.9 Spellcasting
 + Level 8.8 Conjurations
 - Level 0.7 Transmutations
 + Level 0.0 Fire Magic
 + Level 12.9 Earth Magic
 + Level 0.0 Evocations


You had 22 spell levels left.
You knew the following spells:

 Your Spells              Type           Power      Damage    Failure   Level
a - Sandblast             Erth           100%       2d20      1%          1
b - Passwall              Tmut/Erth      41%        N/A       1%          2
c - Stone Arrow           Conj/Erth      100%       3d13      1%          3
d - Scorch                Fire           26%        2d6       9%          2

Your spell library contained the following spells:

 Spells                   Type           Power      Damage    Failure   Level
 Petrify                  Tmut/Erth      50%        N/A       3%          4
 Wereblood                Tmut           17%        N/A       6%          2
 Blink                    Tloc           26%        N/A       9%          2
 Manifold Assault         Tloc           13%        N/A       83%         5
 Storm Form               Tmut/Air       7%         N/A       100%        7
 Summon Hydra             Summ           6%         N/A       100%        7
 Sublimation of Blood     Necr           Unusable   N/A       N/A         2

Dungeon Overview and Level Annotations

Branches:
Dungeon (10/15)            Temple (1/1) D:7            Lair (1/5) D:10
    Orc (0/2) D:9           Sewer (visited)         Volcano (1/1)

Altars:
Ashenzari
Cheibriados
Dithmenos
Elyvilon
Fedhas
Gozag
Hepliaklqana
Kikubaaqudgha
Makhleb
Nemelex Xobeh
Okawaru
Qazlal
Ru
Sif Muna
Trog
Uskayaw
Vehumet
Wu Jian
Xom
Yredelemnul
Zin
The Shining One

Shops:
D:1 [   D:6 ((?   D:7 *

Annotations:
D:9 Gastronok


Innate Abilities, Weirdness & Mutations

You are immune to sickness and miasma.
Your stone body is resilient. (AC +8)
You are immune to poison.
You resist negative energy. (rN+)
You are resistant to electric shocks. (rElec)
You are resistant to unholy torment.
You are immune to petrification.


Message History

A two-headed ogre comes into view.
It is wielding two +0 giant clubs of flaming.
The ogre mage moves out of view.
Found a bloodstained altar of Trog.
The ogre mage points at the two-headed ogre and mumbles some strange words.
The two-headed ogre shouts in stereo!
The two-headed ogre seems to speed up.
There is an open door here.
Things that are here:
a +0 giant club of flaming; a +0 giant club of flaming
Casting: Sandblast (safe; 1% risk of failure)
Confirm with . or Enter, or press ? or * to list all spells.
Okay, then.
You feel yourself speed up.
The two-headed ogre attacks as you move away!
The two-headed ogre hits you with a +0 giant club of flaming!!
The two-headed ogre burns you. The two-headed ogre closely misses you.
The fire bat bites you but does no damage.
Aiming: Sandblast (safe; 1% risk of failure)
Press: ? - help, Q - select action, (/) - cycle Shift-Dir - straight line, f - fire bat
Aim: a fire bat (76% to hit)
The blast of sand misses the fire bat.
The fire bat bites you but does no damage.
The two-headed ogre hits you with a +0 giant club of flaming!
The two-headed ogre burns you.
The two-headed ogre hits you with a +1 great mace of flaming!
The two-headed ogre burns you.
The two-headed ogre attacks as you move away!
The two-headed ogre hits you with a +0 giant club of flaming.
The two-headed ogre hits you with a +1 great mace of flaming!
* * * LOW HITPOINT WARNING * * *
The fire bat bites you but does no damage.
The ogre mage gestures wildly while chanting.
The ogre mage flickers and vanishes for a moment.
The fire bat attacks as you move away!
The fire bat bites you but does no damage.
The two-headed ogre attacks as you move away!
The two-headed ogre hits you with a +0 giant club of flaming.
* * * LOW HITPOINT WARNING * * *
The two-headed ogre hits you with a +1 great mace of flaming!!
You die...

≈≈§≈≈≈≈≈§§.##
§≈≈≈§§≈≈≈≈≈.##
≈≈≈§≈≈§≈≈≈.#
≈§§§≈§≈≈§≈.#
≈§≈≈§≈≈≈≈.#
§≈≈≈§§≈≈§≈.#
≈≈≈≈≈§≈≈≈§.#
≈≈§≈≈≈§§≈..#
≈§§≈≈≈§§b@##
≈§§≈≈≈§§.O#
§≈≈......#
≈§......##
≈..##...# ..
#8O8# . ##.##
#O# ##)##


You could see 2 two-headed ogres, an ogre mage (invisible) and a fire bat.

Vanquished Creatures
  A centaur warrior (D:10)
  4 two-headed ogres
  A deep elf pyromancer (D:9)
  An ugly thing (D:10)
  3 elephants (Lair:1)
  A cane toad (Lair:1)
  2 kobold demonologists
  A rime drake (Lair:1)
  2 komodo dragons (D:10)
  A yaktaur (D:10)
  2 trolls (D:9)
  A meliai (D:10)
  A hornet (D:8)
  Grinder (D:3)
  2 shadows
  2 wraiths
  3 wyverns
  11 yaks
  6 fire bats (Volcano)
  3 steam dragons
  A basilisk (D:10)
  Menkaure (D:4)
  2 water moccasins (D:9)
  3 acid dragons
  2 hell hounds (Lair:1)
  3 orc warriors
  An ice beast (D:8)
  A black bear (D:5)
  An ogre (D:5)
  6 centaurs
  2 phantoms (D:5)
  4 kobold brigands
  3 bullfrogs
  A necrophage (D:4)
  A gnoll sergeant (D:9)
  5 scorpions
  14 wights
  2 killer bees
  4 howler monkeys
  An electric eel (D:10)
  4 lava snakes (Volcano)
  2 jellies
  5 orc priests
  2 hounds (D:5)
  2 gnoll boudas
  Terence (D:3)
  4 iguanas
  13 orc wizards
  Robin (D:3)
  7 gnolls
  4 river rats (Sewer)
  12 adders
  A shadow imp (D:5)
  4 white imps
  3 ufetubi
  3 worms
  A dart slug (D:3)
  31 orcs
  9 ball pythons
  6 bats
  8 endoplasms
  2 giant cockroaches
  12 goblins
  8 hobgoblins
  8 jackals
  6 quokkas
  4 frilled lizards
  25 kobolds
  12 rats
  A spectral orc (D:6)
308 creatures vanquished.

Vanquished Creatures (others)
  A fungus (Lair:1)
  30 plants
31 creatures vanquished.

Grand Total: 339 creatures vanquished

Notes
Turn   | Place    | Note
-------+----------+-------------------------------------------
     0 | D:1      | quixfox the Gargoyle Earth Elementalist began the quest for
                  | the Orb.
     0 | D:1      | Reached XP level 1. HP: 10/10 MP: 3/3
   191 | D:1      | Reached XP level 2. HP: 15/15 MP: 3/5
   192 | D:1      | Reached skill level 4 in Earth Magic
   297 | D:1      | Found Efoe's Armour Shoppe.
   919 | D:2      | Reached XP level 3. HP: 19/19 MP: 4/6
  1585 | D:2      | Reached XP level 4. HP: 10/24 MP: 1/8
  1762 | D:2      | Found a hazy altar of Hepliaklqana.
  2034 | D:3      | Learned a level 2 spell: Passwall
  2038 | D:3      | Learned a level 3 spell: Stone Arrow
  2055 | D:3      | Reached skill level 5 in Earth Magic
  2112 | D:3      | You fall into a shaft and drop 2 floors!
  2112 | D:5      | Entered Level 5 of the Dungeon
  2123 | D:5      | Identified a scroll of acquirement
  2123 | D:5      | Acquired 929 gold pieces
  2174 | D:5      | Noticed a phantom
  2178 | D:5      | Killed a phantom
  2179 | D:5      | Reached skill level 1 in Conjurations
  2179 | D:5      | Reached XP level 5. HP: 22/28 MP: 3/10
  2283 | D:5      | Noticed an ogre
  2286 | D:5      | Killed an ogre
  2287 | D:5      | Reached XP level 6. HP: 32/32 MP: 7/12
  2289 | D:5      | Reached skill level 6 in Earth Magic
  2291 | D:5      | Found a glowing drain.
  2304 | Sewer    | Entered a sewer
  2704 | Sewer    | Reached XP level 7. HP: 31/36 MP: 8/13
  3938 | D:1      | Bought a +2 helmet of see invisible for 279 gold pieces
  4048 | D:4      | Noticed Menkaure
  4052 | D:4      | Killed Menkaure
  4053 | D:4      | Reached skill level 5 in Spellcasting
  4053 | D:4      | Reached skill level 7 in Earth Magic
  4294 | D:4      | Reached skill level 10 in Earth Magic
  4294 | D:4      | Reached XP level 8. HP: 52/52 MP: 14/19
  4506 | D:4      | Reached XP level 9. HP: 56/56 MP: 18/20
  4669 | D:4      | Found a shimmering altar of Xom.
  4918 | D:3      | Noticed Robin
  4925 | D:3      | Killed Robin
  5065 | D:3      | Noticed Grinder
  5069 | D:3      | Paralysed by Grinder for 4 turns
  5071 | D:3      | Noticed Terence
  5073 | D:3      | Killed Grinder
  5078 | D:3      | Killed Terence
  5452 | D:4      | Reached skill level 1 in Shields
  5875 | D:4      | Found a burning altar of Makhleb.
  6147 | D:5      | Reached skill level 5 in Conjurations
  6983 | D:6      | Found Juquaq's Antique Weapon Shoppe.
  7036 | D:6      | Noticed a kobold demonologist
  7055 | D:6      | Killed a kobold demonologist
  7056 | D:6      | Reached XP level 10. HP: 50/63 MP: 16/22
  7232 | D:6      | Found Fiawela's Magic Scroll Shoppe.
  7240 | D:6      | Bought a scroll of summoning for 114 gold pieces
  7240 | D:6      | Bought a scroll of identify for 24 gold pieces
  7240 | D:6      | Bought a scroll of identify for 24 gold pieces
  7244 | D:6      | Found Nagitolu's Weapon Emporium.
  7369 | D:6      | Found a basalt altar of Yredelemnul.
  7498 | D:7      | Found Sule's Assorted Antiques.
  7595 | D:7      | Found an ancient bone altar of Kikubaaqudgha.
  7719 | D:7      | Found a staircase to the Ecumenical Temple.
  7752 | Temple   | Entered the Ecumenical Temple
  8189 | D:8      | Reached skill level 11 in Earth Magic
  9708 | D:9      | Found a staircase to the Orcish Mines.
  9869 | D:8      | Reached XP level 11. HP: 35/68 MP: 17/23
  9966 | D:9      | Noticed a two-headed ogre
  9975 | D:9      | Killed a two-headed ogre
 10032 | D:9      | Found a broken altar of Ashenzari.
 10035 | D:9      | Found a sparkling altar of Nemelex Xobeh.
 10038 | D:9      | Found a blossoming altar of Fedhas.
 10140 | D:9      | Found a radiant altar of Vehumet.
 10144 | D:9      | Became a worshipper of Vehumet
 10310 | D:9      | Noticed a deep elf pyromancer
 10311 | D:9      | Reached skill level 5 in Shields
 10313 | D:9      | Killed a deep elf pyromancer
 10472 | D:9      | Noticed Gastronok
 10866 | D:10     | Entered Level 10 of the Dungeon
 10887 | D:10     | Found a hazy altar of Hepliaklqana.
 10923 | D:10     | Found a staircase to the Lair.
 10938 | D:10     | Noticed a two-headed ogre
 10948 | D:10     | Killed a two-headed ogre
 11085 | D:10     | Noticed a two-headed ogre
 11098 | D:10     | Killed a two-headed ogre
 11099 | D:10     | Reached skill level 12 in Earth Magic
 11290 | D:10     | Noticed an orc knight
 11292 | D:10     | Noticed a red ugly thing
 11370 | D:10     | Killed a red ugly thing
 11389 | D:10     | Noticed a centaur warrior
 11393 | D:10     | HP: 1/71 [centaur warrior (10)]
 11397 | D:10     | Killed a centaur warrior
 11451 | D:10     | Reached * piety under Vehumet
 11451 | D:10     | Offered knowledge of Magic Dart by Vehumet.
 11498 | D:10     | Reached XP level 12. HP: 76/76 MP: 22/25
 12442 | Lair:1   | Entered Level 1 of the Lair of Beasts
 12519 | Lair:1   | HP: 1/77 [elephant (9)]
 12627 | Lair:1   | Found a dark tunnel.
 12662 | Volcano  | Entered a volcano
 12819 | Volcano  | Reached ** piety under Vehumet
 12830 | Volcano  | Noticed a two-headed ogre
 12833 | Volcano  | Killed a two-headed ogre
 12833 | Volcano  | Offered knowledge of Scorch by Vehumet.
 12834 | Volcano  | Reached skill level 10 in Fighting
 12837 | Volcano  | Learned a level 2 spell: Scorch
 13094 | Volcano  | Found a bloodstained altar of Trog.
 13094 | Volcano  | Noticed a two-headed ogre
 13094 | Volcano  | Noticed an ogre mage
 13094 | Volcano  | Noticed a two-headed ogre
 13109 | Volcano  | Mangled by a two-headed ogre

Illustrated notes

Levels and vault maps discovered:
D:1:      lemuel_arrival_rhombus, layout_basic, serial_shops, shop
D:2:      layout_basic, basic_altar, minmay_box_of_dots
D:3:      layout_basic, uniq_terence, uniq_robin, uniq_grinder
D:4:      cheibrodos_barr_body, layout_gridville, lemuel_doored_altar,
          kennysheep_little_box, chequers_serial_rivers_small_3,
          serial_park_tiny_2, minmay_crystal_water, uniq_menkaure
D:5:      layout_basic, cheibrodos_sewer_entry_bend, minmay_manual_mares
D:6:      layout_cave_pools, yredelemnul_forgotten_temple_becter, serial_shops,
          shop, shop, nicolae_shop_temple_entry_statues_fountains,
          grunt_ministairs_10, minmay_misc_feat_roman
D:7:      layout_cave_pools, kiku_gazebo_garden_becter,
          minmay_temple_entry_slanted, serial_shops, nicolae_stop_n_shop_1
D:8:      layout_basic, corexii_checkpoint_a
D:9:      nzn_winding_woodlands_small [nzn_winding_woodlands_5x15_cabin,
          nzn_winding_woodlands_center_garden,
          nzn_winding_woodlands_5x15_lazy_stream], layout_loops_ring,
          grunt_temple_overflow_cloverleaf, uniq_gastronok
D:10:     minmay_the_grid_3x2 [minmay_the_grid_minigrid_small_alt,
          minmay_the_grid_spin_star, minmay_the_grid_slots,
          minmay_the_grid_rooms, minmay_the_grid_holed_spiral,
          minmay_the_grid_prize_inner_circle], layout_loops_ring,
          nicolae_hepliaklqana_hazy_memory, david_lair_shrubbed,
          nicolae_concentric_dashed_squares_wild, minivault_14, grunt_decor_cap
Temple:   compressed_dpeg_triangle_lava_temple
Lair:1:   layout_roguey, enter_volcano_3, serial_bayou_lagoon_a,
          grunt_megastairs_3
Volcano:  volcano_grotto [vgs_original]

Skill      XL: |  1  2  3  4  5  6  7  8  9 10 11 12 |
---------------+-------------------------------------+-----
Earth Magic    | 4 5 6 10 11 12 | 12.9
Spellcasting   | 3 4 7 8 9 |  9.9
Conjurations   | 1 2 3 4 5 6 7 8 |  8.8
Fighting       | 6 7 8 9 10 | 10.0
Armour         | 6 |  6.5
Shields        | 2 4 6 |  6.5
Dodging        | |  1.7
Stealth        | |  2.1
Transmutations | |  0.7

Action                   |  1- 3 |  4- 6 |  7- 9 | 10-12 || total
-------------------------+-------+-------+-------+-------++-------
Melee: Mace              |       |       |     2 |     4 ||     6
 Cast: Sandblast         |    67 |    50 |   158 |   373 ||   648
  Use: Potion            |     1 |       |     2 |     4 ||     7
       Scroll            |       |    10 |     8 |    10 ||    28
Armor: Robe              |    16 |     7 |    58 |    31 ||   112
       Troll leather arm |       |       |       |   198 ||   198
       Leather armour    |       |       |       |    26 ||    26
Dodge: Dodged            |    29 |    15 |    84 |   243 ||   371
Block: Buckler           |       |       |     5 |   121 ||   126

Table legend: (Time is in decaauts)
 A = Elapsed time spent in this place.
 B = Non-inter-level travel time spent in this place.
 C = Inter-level travel time spent in this place.
 D = Time resting spent in this place.
 E = Time spent auto-exploring this place.
 F = Levels seen in this place.
 G = Mean time per level.
                   A        B        C        D        E       F      G
               +--------+--------+--------+--------+--------+-----+--------+
         Total |  13953 |  13537 |    416 |   2728 |   6963 |  14 |  996.6 |
       Dungeon |  12129 |  11713 |    416 |   2193 |   6270 |  10 | 1212.9 |
        Temple |     79 |     79 |      0 |      0 |      0 |   1 |   79.0 |
          Lair |    256 |    256 |      0 |     51 |     27 |   1 |  256.0 |
         Sewer |   1022 |   1022 |      0 |    153 |    666 |   1 | 1022.0 |
       Volcano |    465 |    465 |      0 |    331 |      0 |   1 |  465.0 |
               +--------+--------+--------+--------+--------+-----+--------+

Top non-repeatable levels by time:
     D:4: 1807 daAuts
     D:9: 1774 daAuts
    D:10: 1526 daAuts
     D:5: 1471 daAuts
     D:8: 1140 daAuts
     D:2: 1133 daAuts
   Sewer: 1022 daAuts
     D:1: 948 daAuts
     D:3: 843 daAuts
     D:7: 761 daAuts
     D:6: 722 daAuts
 Volcano: 465 daAuts
  Lair:1: 256 daAuts
  Temple: 79 daAuts
